 Dungeon Crawl Stone Soup version 0.22-a0-605-g9281fa2 (webtiles) character file.

83 Mamutox the Skirmisher (level 4, 0/41 HPs)
             Began as a Minotaur Fighter on July 8, 2018.
             Slain by an ogre
             ... wielding a +0 giant club
              (19 damage)
             ... on level 2 of the Dungeon.
             The game lasted 00:03:45 (1118 turns).

Mamutox the Skirmisher (Minotaur Fighter)           Turns: 1118, Time: 00:03:45

Health: 0/41       AC:  7    Str: 21    XL:     4   Next: 22%
Magic:  3/3        EV:  7    Int:  5    God:
Gold:   62         SH:  9    Dex: 10    Spells: 3/3 levels left

rFire    . . .     SeeInvis .   a - +0 war axe
rCold    . . .     Gourm    .   c - +0 shield
rNeg     . . .     Faith    .   b - +0 scale mail
rPois    .         Spirit   .   (helmet restricted)
rElec    .         Reflect  .   (no cloak)
rCorr    .         Harm     .   (no gloves)
MR       .....                  (no boots)
Stlth    ..........             (no amulet)
HPRegen  0.13/turn              (no ring)
MPRegen  0.08/turn              (no ring)

@: no status effects
A: retaliatory headbutt, horns 2
a: no special abilities


You were on level 2 of the Dungeon.
You were not hungry.

You visited 1 branch of the dungeon, and saw 2 of its levels.

You collected 62 gold pieces.

Inventory:

Hand Weapons
 a - a +0 war axe (weapon)
 e - a +1 vampiric hand axe
 k - a +1 spear of venom
Missiles
 m - 2 throwing nets (quivered)
Armour
 b - a +0 scale mail (worn)
 c - a +0 shield (worn)
Scrolls
 h - a scroll of identify {unknown}
 i - a scroll of immolation {unknown}
 l - 2 scrolls of teleportation {unknown}
 n - a scroll of noise {unknown}
Potions
 d - a potion of might
 g - a potion of curing {unknown}
 j - a potion of heal wounds {unknown}
Comestibles
 f - 3 rations
 o - 3 chunks of flesh


   Skills:
 + Level 4.4 Fighting
 + Level 3.4 Axes
 + Level 4.3 Armour
 + Level 4.3 Shields


You had 3 spell levels left.
You didn't know any spells.
Your spell library was empty.

Dungeon Overview and Level Annotations

Branches:
Dungeon (2/15)

Altars:


Innate Abilities, Weirdness & Mutations

You reflexively headbutt those who attack you in melee.
You have a pair of horns on your head.


Message History

There isn't anything to butcher here.
There isn't anything to butcher here.
m - 2 throwing nets (gained 1)
A gnoll comes into view. It is wielding a spear.
The gnoll shouts!
The ogre shouts!
The gnoll hits you with a spear.
You see here a halberd.
You slash the gnoll! Your headbutt misses the gnoll.
The gnoll is heavily wounded.
You block the gnoll's attack.
You closely miss the gnoll.
The gnoll is heavily wounded.
The gnoll hits you but does no damage. You block the gnoll's attack.
You slash the gnoll!
You kill the gnoll!
You slash the ogre!
The ogre is heavily wounded.
The ogre hits you with a giant club!!
You die...

#.# ###### #.#
#.<... #.# #.####
#.# #.###.
#.##########
#.##..
##.#........#
#.##..
#####....######.#
#O##.# .........#
#.# #.....
#####...## #@#
####.# ##.## #O#
#.# #.# #.# ###>#
#.# ..$ ##....
#+# ##.#. #.%...
#.#.# #...O. #..
# #..... ##.
#..... . ......


You could see an ogre.

Vanquished Creatures
  An adder (D:2)
  3 gnolls (D:2)
  3 oozes (D:1)
  A dart slug (D:1)
  A leopard gecko (D:2)
  A giant cockroach (D:1)
  4 goblins (D:1)
  2 hobgoblins (D:1)
  4 bats
  3 frilled lizards (D:1)
  6 kobolds
  4 rats (D:1)
33 creatures vanquished.

Notes
Turn   | Place    | Note
-------+----------+-------------------------------------------
     0 | D:1      | Mamutox the Minotaur Fighter began the quest for the Orb.
     0 | D:1      | Reached XP level 1. HP: 19/19 MP: 0/0
   143 | D:1      | Reached XP level 2. HP: 27/27 MP: 1/1
   453 | D:1      | Reached XP level 3. HP: 28/33 MP: 2/2
   846 | D:2      | Noticed an ogre
  1093 | D:2      | Reached XP level 4. HP: 33/41 MP: 3/3
  1118 | D:2      | Slain by an ogre

Vault maps used:
D:1:      erik_arrival_gehennom
D:2:      chequers_temple_overflow_statue_of_worship,
          chequers_ecumenical_altar_simple

Skill      XL: |  1  2 |
---------------+-------+-----
Fighting       | 4 |  4.4
Armour         | 4 |  4.3
Shields        | 4 |  4.3
Axes           | 3 |  3.4

Action                   |  1- 3 |  4- 6 || total
-------------------------+-------+-------++-------
Melee: War axe           |    92 |    11 ||   103
       Headbutt          |    15 |     1 ||    16
  Eat: Chunk             |     1 |       ||     1
Armor: Scale mail        |    62 |     3 ||    65
Dodge: Dodged            |    28 |     3 ||    31
Block: Shield            |    46 |     4 ||    50

Table legend:
 A = Spawn XP
 B = Non-spawn XP
 C = Spawn XP percentage of total XP
 D = Spawn monster count
 E = Non-spawn monster count
 F = Spawn count percentage of total count
 G = Total turns spent on level
                    A         B        C        D         E        F      G
               +---------+---------+-------+---------+---------+-------+---------
         Total |       0 |     119 |   0.0 |       0 |      33 |   0.0 |  1118
               +---------+---------+-------+---------+---------+-------+---------
           D:1 |       0 |      55 |   0.0 |       0 |      25 |   0.0 |   851
           D:2 |       0 |      64 |   0.0 |       0 |       8 |   0.0 |   267
               +---------+---------+-------+---------+---------+-------+---------
